Map: Cerulean Fall LE

Players

Mental

  • Race: Zerg Zerg
  • League: Platinum
  • Spawn Location: 7:00

VpsychoV - Winner!

  • Race: Protoss Protoss
  • League: Platinum
  • Spawn Location: 1:00

VOD

Have the link to the VOD?

Description

Time

  • Played on: Nov. 12, 2018, 3:34 p.m.
  • Length: 18:05
Show
View Real Time Build Order
Export as new Build Order

Mental Zerg 

Build Orders: Hatch First, Lurkers 

Get SALT Encoding   

  12  0:01  Drone  
  13  0:12  Overlord  
  13  0:17  Drone  
  14  0:30  Drone x2  
  14  0:34  Drone  
  17  0:54  Hatchery  
  16  0:57  Drone  
  16  0:59  Drone  
  18  1:23  Drone  
  18  1:24  Drone  
  20  1:34  Overlord  
  20  1:44  Extractor  
  20  1:47  Evolution Chamber  
  18  1:53  Spawning Pool  
  17  1:56  Drone x2  
  19  2:13  Drone  
  20  2:17  Hatchery  
  19  2:23  Drone x2  
  21  2:35  Drone  
  21  2:36  Drone x3  
  25  2:45  Queen  
  27  2:52  Queen  
  27  2:56  Drone  
  30  3:04  Metabolic Boost  
  30  3:06  Zergling x2  
  30  3:07  Zergling x2  
  30  3:11  Overlord  
  32  3:19  Drone x2  
  34  3:27  Zergling x4  
  34  3:36  Zergling x2  
  34  3:37  Zergling x4  
  35  3:42  Zergling x6  
  35  3:44  Queen  
  39  3:50  Drone  
  39  4:02  Drone x6  
  43  4:03  Drone  
  44  4:15  Overlord  
  44  4:20  Extractor  
  43  4:24  Lair  
  43  4:30  Overlord  
  41  4:32  Queen  
  40  4:41  Drone x3  
  43  4:47  Drone  
  43  4:48  Drone x7  
  51  4:59  Overlord x2  
  51  5:00  Drone x2  
  51  5:05  Queen  
  55  5:13  Baneling Nest, Drone x2  
  56  5:23  Drone x7  
  63  5:32  Zerg Missile Weapons Level 1  
  63  5:40  Evolution Chamber  
  62  5:43  Hydralisk Den, Drone x7  
  62  5:44  Drone  
  69  5:51  Extractor  
  69  5:52  Extractor  
  69  5:54  Drone x2  
  69  5:55  Drone x5  
  74  6:09  Zerg Ground Armor Level 1, Infestation Pit  
  73  6:12  Overlord x3  
  73  6:20  Overlord  
  73  6:21  Overlord  
  73  6:25  Drone  
  74  6:27  Extractor  
  74  6:30  Extractor  
  72  6:34  Hydralisk x5  
  82  6:42  Hatchery  
  82  6:46  Drone x3  
  82  6:47  Drone x4  
  87  6:54  Hydralisk x2  
  87  7:00  Hydralisk x4  
  90  7:04  Drone x3  
  85  7:08  Hydralisk  
  85  7:15  Drone x2  
  88  7:21  Hydralisk x2  
  92  7:31  Lurker Den  
  92  7:32  Grooved Spines  
  92  7:35  Zergling x4  
  92  7:36  Zergling x8  
  97  7:49  Burrow  
  97  7:50  Hydralisk x4  
  105  7:57  Queen  
  107  8:00  Hydralisk  
  107  8:01  Hydralisk x2  
  107  8:03  Zergling x6  
  107  8:04  Zergling x4  
  118  8:13  Drone  
  118  8:16  Overlord x5  
  119  8:21  Overlord x2  
  119  8:44  Hydralisk x5  
  124  8:49  Hydralisk x6  
  124  8:50  Hydralisk  
  124  8:55  Drone x4  
  141  8:59  Hydralisk  
  141  9:01  Lurker  
  143  9:12  Lurker x2  
  143  9:14  Zergling x4  
  143  9:15  Zergling x14  
  154  9:22  Hydralisk x3  
  160  9:27  Drone x3, Extractor  
  160  9:29  Extractor  
  161  9:36  Hive  
  161  9:38  Lurker  
  162  9:40  Zergling x10  
  162  9:41  Zergling x4  
  169  9:46  Overlord  
  169  9:49  Lurker x2  
  167  9:54  Hydralisk x2  
  167  9:58  Hydralisk  
  165  10:07  Hydralisk x2  
  165  10:08  Hydralisk  
  165  10:09  Zergling x8  
  165  10:10  Zergling x4  
  165  10:11  Overlord x2  
  155  10:35  Hydralisk  
  155  10:36  Hydralisk x5  
  155  10:42  Hydralisk x2  
  145  10:43  Hydralisk x4  
  144  10:50  Hydralisk x2  
  144  10:54  Hydralisk  
  127  11:02  Hydralisk x3  
  127  11:04  Zergling x6  
  124  11:09  Drone  
  126  11:18  Hydralisk x4  
  126  11:24  Lurker x2  
  129  11:33  Hydralisk x4  
  129  11:35  Hydralisk  
  129  11:37  Zergling x4  
  106  11:48  Hydralisk x6  
  108  11:54  Drone  
  108  11:55  Drone x5  
  108  12:00  Hydralisk x3  
  108  12:01  Hydralisk  
  113  12:09  Hydralisk  
  113  12:10  Hydralisk x2  
  113  12:15  Zerg Missile Weapons Level 2  
  112  12:19  Hydralisk x3  
  109  12:26  Hydralisk x3  
  109  12:28  Zergling x4  
  106  12:41  Zergling x4, Hydralisk x3  
  114  12:50  Spire  
  114  12:51  Queen x2  
  113  12:55  Queen  
  119  13:11  Hydralisk x8  
  135  13:16  Zergling x2  
  135  13:17  Zergling x4  
  138  13:26  Zerg Ground Armor Level 2  
  138  13:31  Overseer  
  138  13:32  Overseer  
  138  13:44  Hydralisk x4  
  138  13:45  Hydralisk  
  138  13:46  Zergling x8  
  138  13:47  Zergling x6  
  155  13:50  Lurker  
  155  13:52  Lurker  
  157  13:56  Lurker  
  157  13:58  Overlord  
  157  13:59  Zergling x8  
  157  14:00  Zergling x2  
  163  14:05  Corruptor  
  165  14:19  Hatchery, Corruptor x2  
  168  14:25  Greater Spire  
  168  14:28  Drone x4  
  168  14:29  Drone x2  
  174  14:34  Corruptor  
  176  14:41  Lurker x2  
  178  14:51  Corruptor x3  
  168  15:02  Corruptor  
  168  15:03  Corruptor  
  151  15:09  Hydralisk x2  
  155  15:21  Hatchery  
  154  15:24  Corruptor  
  154  15:25  Hydralisk  
  158  15:36  Corruptor x2  
  162  15:43  Brood Lord  
  162  15:47  Drone x4  
  168  15:59  Brood Lord  
  168  16:01  Brood Lord  
  168  16:04  Zergling x2  
  173  16:07  Extractor  
  173  16:10  Extractor  
  171  16:15  Hydralisk  
  171  16:16  Hydralisk x2  
  177  16:22  Brood Lord  
  177  16:24  Brood Lord  
  181  16:34  Hydralisk x3  
  187  17:01  Hydralisk x5  
  160  17:06  Hydralisk x4  
  160  17:07  Hydralisk x5  
  157  17:15  Hydralisk x3  
  137  17:24  Hydralisk x3  
  137  17:25  Hydralisk  
  137  17:36  Hydralisk x3  
  141  17:44  Drone x3  
Show
View Real Time Build Order
Export as new Build Order

VpsychoV Protoss - Winner!

Build Orders:  

Get SALT Encoding   

  1  0:00  Probe  
  13  0:07  Probe  
  14  0:20  Probe, Pylon  
  15  0:38  Probe  
  15  0:40  Gateway  
  16  0:52  Assimilator  
  16  1:03  Pylon  
  16  1:10  Pylon  
  16  1:32  Gateway  
  16  1:34  Cybernetics Core  
  16  1:35  Probe  
  16  1:36  Zealot  
  18  1:43  Probe  
  18  1:52  Probe  
  20  2:10  Nexus  
  20  2:14  Probe  
  21  2:19  Adept  
  23  2:25  Assimilator  
  23  2:27  Adept  
  23  2:29  Probe  
  26  2:48  Probe  
  27  2:53  Stalker  
  29  3:00  Probe  
  29  3:04  Warp Gate  
  30  3:06  Pylon  
  30  3:11  Pylon  
  30  3:19  Probe  
  31  3:22  Stalker  
  31  3:52  Probe x2  
  33  4:02  Probe  
  32  4:10  Probe  
  32  4:13  Stargate, Probe  
  34  4:19  Probe  
  34  4:21  Probe  
  34  4:23  Sentry, Zealot  
  39  4:31  Probe  
  40  4:32  Probe  
  40  4:33  Shield Battery  
  40  4:34  Shield Battery  
  40  4:43  Probe  
  40  4:44  Probe  
  42  4:45  Assimilator  
  42  4:48  Assimilator  
  42  4:52  Stargate  
  42  4:53  Pylon  
  42  4:55  Probe  
  42  4:56  Probe  
  44  5:00  Oracle  
  47  5:07  Probe  
  47  5:08  Probe  
  49  5:16  Probe  
  49  5:19  Probe  
  51  5:24  Probe  
  51  5:28  Forge  
  52  5:31  Probe, Pylon  
  52  5:35  Pylon  
  53  5:37  Stalker x2  
  53  5:38  Probe  
  58  5:43  Probe  
  58  5:44  Oracle  
  62  5:50  Probe, Oracle  
  62  5:53  Protoss Ground Weapons Level 1  
  66  6:07  Forge  
  66  6:08  Protoss Air Weapons Level 1  
  66  6:24  Stalker x2  
  66  6:25  Nexus  
  70  6:33  Protoss Ground Armor Level 1, Pylon  
  70  6:44  Robotics Facility  
  70  6:46  Robotics Facility  
  64  7:17  Stalker x2  
  68  7:24  Gateway  
  68  7:26  Gateway  
  68  7:27  Gateway  
  68  7:31  Pylon  
  68  7:32  Immortal  
  68  7:35  Immortal  
  76  7:44  Twilight Council, Oracle  
  79  7:47  Zealot x2  
  79  7:49  Probe  
  83  7:57  Probe, Protoss Shields Level 1  
  85  8:07  Probe  
  85  8:11  Immortal  
  90  8:13  Warp Prism  
  90  8:19  Probe, Assimilator  
  93  8:23  Assimilator  
  93  8:26  Zealot x2, Charge  
  97  8:28  Protoss Ground Weapons Level 2  
  97  8:33  Zealot x2  
  101  8:43  Probe x3  
  104  8:56  Photon Cannon  
  104  8:59  Photon Cannon  
  105  9:03  Observer  
  105  9:05  Probe x3  
  105  9:06  Photon Cannon  
  108  9:12  Immortal  
  112  9:25  Zealot x2  
  116  9:37  Pylon  
  116  9:39  Pylon  
  116  9:41  Pylon  
  116  9:45  Photon Cannon  
  116  9:47  Photon Cannon  
  116  9:51  Photon Cannon  
  100  10:04  Zealot x5  
  110  10:07  Protoss Ground Armor Level 2  
  110  10:10  Immortal  
  110  10:11  Immortal  
  118  10:18  Pylon  
  118  10:20  Robotics Bay  
  118  10:26  Zealot  
  118  10:38  Zealot x2  
  118  10:39  Zealot  
  118  10:45  Immortal  
  112  10:50  Immortal  
  108  10:57  Protoss Ground Weapons Level 3  
  108  11:01  Void Ray x2  
  114  11:20  Extended Thermal Lance, Observer  
  115  11:29  Observer  
  102  11:40  Colossus  
  100  11:50  Colossus  
  98  12:22  Phoenix x2  
  94  12:34  Colossus  
  96  12:37  Protoss Ground Armor Level 3  
  96  12:38  Zealot x5  
  96  12:42  Probe x2  
  96  12:43  Colossus  
  110  12:53  Nexus, Pylon  
  110  12:55  Pylon  
  110  13:10  Zealot x5  
  120  13:17  Colossus  
  120  13:21  Robotics Facility  
  120  13:22  Gravitic Boosters  
  120  13:27  Colossus, Void Ray  
  130  13:36  Zealot x2  
  130  13:37  Zealot x3  
  146  13:51  Observer  
  146  13:53  Gateway  
  146  13:54  Gateway  
  146  13:57  Gateway  
  146  14:02  Gateway  
  146  14:03  Assimilator  
  146  14:06  Probe x4  
  150  14:12  Observer  
  151  14:18  Probe x3  
  151  14:21  Observer  
  155  14:25  Void Ray x2  
  169  14:33  Immortal, Warp Prism  
  169  14:36  Zealot  
  169  14:37  Zealot x2  
  169  15:03  Immortal  
  136  15:09  Void Ray  
  136  15:10  Immortal  
  136  15:12  Zealot  
  136  15:13  Zealot x4  
  152  15:18  Gravitic Drive  
  152  15:24  Probe x4  
  152  15:25  Colossus  
  162  15:36  Assimilator  
  162  15:47  Zealot x6  
  174  15:54  Immortal  
  178  16:06  Pylon  
  178  16:14  Pylon  
  178  16:16  Pylon  
  178  16:23  Colossus  
  184  16:28  Nexus  
  184  16:40  Immortal x2  
  192  16:47  Stalker  
  192  16:48  Stalker x3  
  200  16:58  Pylon  
  196  17:03  Phoenix  
  196  17:04  Phoenix  
  158  17:17  Immortal  
  158  17:19  Immortal  
  160  17:28  Phoenix  
  160  17:29  Phoenix  
Tags
 
Composition
Lurkers
Matchup
PvZ
Spawn Locations
Cross Positions
Add a new tag
Caveats
  • Supply blocks, unpowered buildings, or Contaminate may cause inaccurate times.
  • Supply counts are checked every 10 seconds.